 Dungeon Crawl Stone Soup version 0.27.0-1-g7a089689b8 (webtiles) character file.

Game seed: 11903982984890847033

28 SnakkuSnakku7 the Firebug (level 3, 33/33 HPs)
             Began as a Troll Fire Elementalist on Aug 9, 2021.
             Was a Follower of Fedhas.
             Got out of the dungeon alive.
             The game lasted 00:00:53 (297 turns).

SnakkuSnakku7 the Firebug (Troll Fire Elementalist)  Turns: 297, Time: 00:00:53

Health: 33/33      AC:  4    Str: 17    XL:     3   Next: 0%
Magic:  3/3        EV:  9    Int: 11    God:    Fedhas [*.....]
Gold:   28         SH:  0    Dex: 10    Spells: 3/4 levels left

rFire    . . .     SeeInvis .     - Unarmed
rCold    . . .     Faith    .   (no shield)
rNeg     . . .     Spirit   .   a - +0 robe
rPois    .         Reflect  .   (helmet restricted)
rElec    .         Harm     .   (no cloak)
rCorr    .         Rampage  .   (gloves unavailable)
Will     .....                  (boots unavailable)
Stlth    +.........             (no amulet)
HPRegen  1.11/turn              (no ring)
MPRegen  0.08/turn              (no ring)

@: no status effects
A: large, unfitting armour, claws 3, regeneration 1, shaggy fur 1, tough skin 1
a: Renounce Religion


You escaped.
You worshipped Fedhas.
Fedhas was aware of your devotion.
You visited 1 branch of the dungeon, and saw 1 of its levels.

You collected 28 gold pieces.

Inventory:

Armour
 a - a +0 robe (worn)
Scrolls
 b - a scroll of amnesia {unknown}
 c - a scroll of identify {unknown}
Potions
 d - a potion of curing {unknown}


   Skills:
 + Level 1.4 Fighting
 - Level 1.5 Dodging
 - Level 1.0 Stealth
 + Level 1.7 Unarmed Combat
 - Level 1.2 Spellcasting
 - Level 0.6 Conjurations
 - Level 2.1 Fire Magic


You had 3 spell levels left.
You knew the following spells:

 Your Spells              Type           Power      Damage    Failure   Level
a - Foxfire               Conj/Fire      12%        2x1d4     19%         1

Your spell library contained the following spells:

 Spells                   Type           Power      Damage    Failure   Level
 Conjure Flame            Conj/Fire      3%         6-21      47%         3
 Inner Flame              Hex/Fire       3%         N/A       52%         3
 Sticky Flame             Conj/Fire      3%         2d3       87%         4
 Fireball                 Conj/Fire      1%         3d3       99%         5


Dungeon Overview and Level Annotations

Branches:
Dungeon (1/15)

Altars:
Fedhas


Innate Abilities, Weirdness & Mutations

You are too large for most types of armour.
You have claws for hands.
Your natural rate of healing is unusually fast.
You are covered in fur. (AC +1)
You have tough skin. (AC +1)


Message History

The rat is heavily wounded.
The rat bites you.
You scratch the rat but do no damage.
The rat is heavily wounded.
The rat bites you but does no damage.
You barely miss the rat.
The rat is heavily wounded.
The rat barely misses you.
You closely miss the rat. Your claw misses the rat.
The rat is heavily wounded.
The rat bites you but does no damage.
You closely miss the rat.
The rat is heavily wounded.
The rat barely misses you.
You claw the rat!
You kill the rat!
Fedhas appreciates your contribution to the ecosystem.
A ball python comes into view.
The ball python hisses angrily.
You see here a +0 robe.
The ball python barely misses you.
You claw the ball python!
You kill the ball python!
Fedhas appreciates your contribution to the ecosystem.
You have reached level 3!
Your experience leads to an increase in your attributes!
Increase (S)trength, (I)ntelligence, or (D)exterity?
Uppercase letters only, please.
You feel stronger. x2
You open the door.
There is an open door here.
You see here a stone.
You see here 3 stones.
There is an open door here.
You see here a stone.
There is a staircase leading out of the dungeon here.
Are you sure you want to leave the Dungeon?
This will make you lose the game! [Y]es or [N]o only, please.
Are you sure you want to leave the Dungeon?
This will make you lose the game!
You have escaped!

#.........##.. ##
#.........##.. ..
#.........#...
#.#.............
#...............
###..######.....
########..###...†..#
##.....##.......÷...#
#..(@...#..#.#..#.###
##.((..##..........).
###'###.......##..##
###((.(.#####..##.....
####((.((.((.###.....##.#
#.'..((.8(((..'..........
#.##(..(.(...##..........
#.####[.(.(#####.........
##†##########.....###.....


There were no monsters in sight!

Vanquished Creatures
  A dart slug (D:1)
  2 ball pythons (D:1)
  An endoplasm (D:1)
  A hobgoblin (D:1)
  4 jackals (D:1)
  2 quokkas (D:1)
  3 bats (D:1)
  2 frilled lizards (D:1)
  4 kobolds (D:1)
  4 rats (D:1)
  A spectral hobgoblin (D:1)
25 creatures vanquished.

Notes
Turn   | Place    | Note
-------+----------+-------------------------------------------
     0 | D:1      | SnakkuSnakku7 the Troll Fire Elementalist began the quest
                  | for the Orb.
     0 | D:1      | Reached XP level 1. HP: 16/16 MP: 1/1
    65 | D:1      | Reached skill level 1 in Unarmed Combat
    82 | D:1      | Reached XP level 2. HP: 26/26 MP: 2/2
    90 | D:1      | Reached skill level 1 in Fighting
   224 | D:1      | Found a faded altar of an unknown god.
   232 | D:1      | Became a worshipper of Fedhas Madash
   232 | D:1      | Reached * piety under Fedhas
   269 | D:1      | Reached XP level 3. HP: 33/33 MP: 3/3
   297 | D:$      | Got out of the dungeon alive.

Illustrated notes

Levels and vault maps discovered:
D:1:      minmay_arrival_shattered_statue, layout_rooms,
          dreamdust_ecumenical_altar_drowned_temple

Skill      XL: |  1  2 |
---------------+-------+-----
Unarmed Combat | 1 |  1.7
Fighting       | 1 |  1.4
Dodging        | |  1.5
Stealth        | |  1.0
Spellcasting   | |  1.2
Conjurations   | |  0.6
Fire Magic     | |  2.1

Action                   || total
-------------------------++-------
Melee: Unarmed           ||    61
Armor: Robe              ||    23
Dodge: Dodged            ||    30
